Unix NetHack Version 5.0.0-0 post-release - last build May 10 2026 23:12:36 (d1fa5d53e341ca933230fdaa984d921c805b60aa,branch:main).

Game began 2026-05-14 02:12:18, ended 2026-05-14 02:28:21.

Eesui, chaotic male human Rogue

                                                     ------
    ----------                     -----------      #...[..
    |*+%!=!!!|                     |.........|      #|....|
    |+.%?!?)=|        -----        |.........|      #|....|
    |!!??)%*!|        |...|        |.........|      #|.{..| #
    |!+((?).)|        |...|       #-.........|      #|....-##
    |.a..[..`|        |.@a)#      #|...>.....|      #------##
    -|--------        |...|#      #----.------      ##     ######
     #########        -.---#      #### ###           #     ##   #
             #     #####   #         #   #####       #          #
             ########      ###       #       ##      #          #
         ----.------.----    #  -----#        ####   #          ####### ------
         |..............|    #  |....#   --------|---#                # |....|
         |..............|    ###....|    |..........|#       ------ ####..%..|
         |..............|       |...+    |..........|#       |...<| #  #|....|
         ----------------       -----    |.........(.#       |.....##   |..`.|
                                         ------------        |....|     ------
                                                             |....|
                                                             ------

Eesui the Rogue         St:15 Dx:18 Co:17 In:11 Wi:8 Ch:9  Chaotic
Dlvl:6  $:36 HP:0(41) Pw:18(18) AC:4  Xp:6/376 T:3070 

Latest messages:
 You see here a scroll called 100 zelgo (for sale, 178 zorkmids).
 You see here a bubbly potion (for sale, 400 zorkmids).
 You see here a scroll called id (for sale, 27 zorkmids).
 You see here a scroll called id (for sale, 36 zorkmids).
 You see here a pink spellbook (for sale, 133 zorkmids).
 Where do you want to travel to?
 (For instructions type a '?')
 You hear someone cursing shoplifters.
 You miss the fire ant.
 You hit the fire ant!
 The fire ant misses!
 The fire ant bites!
 You avoid harm.
 In what direction?
 You throw 2 daggers.
 The 1st dagger hits the fire ant.
 The 2nd dagger hits the fire ant.
 The fire ant bites!
 The fire ant bites again!
 You're on fire!
 The fire ant bites!
 The fire ant bites again!
 You're on fire!
 In what direction?
 The dagger misses the fire ant.
 The fire ant bites!
 The fire ant just misses!
 The fire ant bites!
 The fire ant bites again!
 You avoid harm.
 What do you want to drink? [dijln or ?*]
 You feel better.
 The fire ant bites!
 The fire ant bites again!
 You're on fire!
 The fire ant bites!
 The fire ant bites again!
 You avoid harm.
 In what direction?
 The dagger hits the fire ant.
 The fire ant bites!
 The fire ant bites again!
 You're on fire!
 The fire ant bites!
 The fire ant bites again!
 You're on fire!
 You die...
 Do you want your possessions identified? [ynq] (y)
 Do you want to see your attributes? [ynq] (y)
 Do you want an account of creatures vanquished? [ynaq] (y)

Inventory:
 Coins    ('$')
  $ - 36 gold pieces
 Weapons  (')')
  D - a blessed +3 dagger (wielded in left hand)
  g - 8 +0 daggers (at the ready)
  U - the +0 Sting (wielded in right hand)
 Armor    ('[')
  v - an uncursed +0 orcish helm (being worn)
  Q - an uncursed +0 pair of iron shoes (being worn)
  I - an uncursed +0 dwarvish cloak (being worn)
  c - an uncursed +1 leather armor (being worn)
 Comestibles  ('%')
  S - 3 uncursed slime molds
  X - an uncursed clove of garlic
  C - an uncursed food ration
  y - an uncursed tripe ration
  b - an uncursed lichen corpse
 Scrolls  ('?')
  m - an uncursed scroll of remove curse
 Potions  ('!')
  n - an uncursed potion of booze
  d - 2 uncursed potions of extra healing
  l - an uncursed potion of gain energy
  j - 6 uncursed potions of healing
  i - 4 cursed potions of healing
 Rings    ('=')
  k - an uncursed ring of cold resistance (on right hand)
 Tools    ('(')
  o - an empty uncursed bag of holding
  f - an empty uncursed sack
  e - an uncursed lock pick
  J - an uncursed stethoscope
  h - an uncursed towel
  N - a blessed wax candle

Eesui the Rogue's attributes:

Background:
 You were a Rogue, level 6 male human.
 You were chaotic, on a mission for Kos
 who was opposed by Issek (lawful) and Mog (neutral).
 You were right-handed.
 You were in the Dungeons of Doom, on level 6.
 You entered the dungeon 3070 turns ago.
 It was nighttime.
 You had 376 experience points, 264 more were needed to attain level 7.

Basics:
 You had 0 out of 41 hit points.
 You had all 18 energy points (spell power).
 Your armor class was 4.
 Your wallet contained 36 zorkmids.
 Autopickup was on for '$?!/=+"' plus thrown.

Final Characteristics:
 Your strength was 15 (limit:18/100).
 Your dexterity was 18 (limit:18).
 Your constitution was 17 (limit:18).
 Your intelligence was 11 (limit:18).
 Your wisdom was 8 (limit:18).
 Your charisma was 9 (limit:18).

Final Status:
 You weren't hungry.
 You were unencumbered.
 You were wielding two weapons at once.
 You had basic skill with dagger and two weapons.
 You could have enhanced skill with dagger.

Final Attributes:
 You were piously aligned.
 Your items were somewhat protected from fire.
 You were cold resistant.
 Your items were protected from cold.
 You were telepathic.
 You were aware of the presence of orcs.
 You were stealthy.
 You were warded.
 You are dead.

Miscellaneous:
 You disabled loading and storing of bones levels.
 Total elapsed playing time was 16 minutes and 3 seconds.

Major events:
 Turn
    1: Eesui the chaotic male human Rogue entered the dungeon
  846: attained the rank of Cutpurse (level 3)
 1123: entered the Gnomish Mines
 1969: chose an elven dagger to be named "Sting"
 2648: attained the rank of Rogue (level 6)
 3070: killed by a fire ant

You didn't know any spells.

Skills:
 Fighting Skills
   bare handed combat [Unskilled]
   two weapon combat  [Basic]
   riding             [Unskilled]
 Weapon Skills
   dagger             [Basic]
   knife              [Unskilled]
   short sword        [Basic]
   broadsword         [Unskilled]
   long sword         [Unskilled]
   two-handed sword   [Unskilled]
   saber              [Unskilled]
   club               [Unskilled]
   mace               [Unskilled]
   morning star       [Unskilled]
   flail              [Unskilled]
   hammer             [Unskilled]
   polearms           [Unskilled]
   spear              [Unskilled]
   crossbow           [Unskilled]
   dart               [Unskilled]
   shuriken           [Unskilled]
 Spellcasting Skills
   divination spells  [Unskilled]
   escape spells      [Unskilled]
   matter spells      [Unskilled]

Voluntary challenges:
 Character rerolling was not enabled.
 You never genocided any monsters.
 You never polymorphed an object.
 You never changed form.
 You used no wishes.
Achievements:
 You attained the rank of Cutpurse.
 You entered the Gnomish Mines.
 You attained the rank of Rogue.
 You entered a shop.

 The Dungeons of Doom: levels 1 to 6
    Level 1:
       A fountain.
    Level 2:
       A fountain.
    Level 3:
       Some fountains.
       Stairs down to The Gnomish Mines.
    Level 4: "stash"
       An altar, a fountain.
    Level 5: "cold res"
    Level 6: <- You were here.
       A general store, a sink.
       Final resting place for
          you, killed by a fire ant.
 The Gnomish Mines: levels 4 to 5
    Level 4:
    Level 5:


Vanquished creatures:
  a dog
  a blue jelly
  a human zombie
  3 mountain nymphs
  2 ponies
  3 shriekers
  2 gnome leaders
  a gnomish wizard
  a straw golem
  2 floating eyes
  a kitten
  2 dwarves
  a homunculus
  a rothe
  2 monkeys
 an iguana
  4 coyotes
  2 hobbits
  2 large kobolds
  a hobgoblin
  a brown mold
  a red mold
  7 gnomes
  6 geckos
  8 jackals
  2 foxes
  2 goblins
  2 sewer rats
  5 grid bugs
  4 lichens
  6 newts
78 creatures vanquished.

No species were genocided or became extinct.

Game over:
                       ----------
                      /          \
                     /    REST    \
                    /      IN      \
                   /     PEACE      \
                  /                  \
                  |      Eesui       |
                  |      36 Au       |
                  | killed by a fire |
                  |       ant        |
                  |                  |
                  |                  |
                  |       2026       |
                 *|     *  *  *      | *
        _________)/\\_//(\/(/\)/\//\/|_)_______

Goodbye Eesui the Rogue...

You died in The Dungeons of Doom on dungeon level 6 with 1797 points,
and 36 pieces of gold, after 3070 moves.
You were level 6 with a maximum of 41 hit points when you died.

